 Dungeon Crawl Stone Soup version 0.21.1-1-g345015fe64 (webtiles) character file.

147 Hercules1031 the Skirmisher (level 5, -3/47 HPs)
             Began as a Draconian Gladiator on June 9, 2018.
             Slain by a gnoll
             ... wielding a +0 spear
              (6 damage)
             ... on level 2 of the Dungeon.
             The game lasted 00:07:17 (1200 turns).

Hercules1031 the Skirmisher (Draconian Gladiator)   Turns: 1200, Time: 00:07:17

Health: -3/47      AC:  6    Str: 18    XL:     5   Next: 7%
Magic:  5/5        EV: 13    Int:  8    God:
Gold:   59         SH:  0    Dex: 12    Spells: 4/4 levels left

rFire    . . .     SeeInvis .   a - +1 war axe
rCold    . . .     Gourm    .   (no shield)
rNeg     . . .     Faith    .   (armour unavailable)
rPois    .         Spirit   .   b - +1 hat
rElec    .         Reflect  .   (no cloak)
rCorr    .         Harm     .   (no gloves)
MR       .....                  (no boots)
Stlth    +.........             (no amulet)
HPRegen  0.15/turn              (no ring)
MPRegen  0.09/turn              (no ring)

@: no status effects
A: unfitting armour, cold-blooded, AC +5
a: no special abilities


You were on level 2 of the Dungeon.
You were full.

You visited 1 branch of the dungeon, and saw 2 of its levels.

You collected 59 gold pieces.

Inventory:

Hand Weapons
 a - a +1 war axe (weapon)
Missiles
 c - 3 throwing nets (quivered)
Armour
 b - a +1 hat (worn)
Scrolls
 f - 2 scrolls of teleportation
 l - 2 scrolls of blinking
Books
 e - a book of Death

   Spells                             Type                      Level
   a - Corpse Rot                     Necromancy                   2
   b - Sublimation of Blood           Necromancy                   2
   c - Agony                          Necromancy                   5
   d - Dispel Undead                  Necromancy                   5
   e - Excruciating Wounds            Charms/Necromancy            5
   f - Bolt of Draining               Conjuration/Necromancy       5
Comestibles
 d - 3 rations


   Skills:
 * Level 4.4 Fighting
 + Level 3.8 Axes
 - Level 1.7 Throwing
 + Level 3.5 Dodging


You had 4 spell levels left.
You didn't know any spells.

Dungeon Overview and Level Annotations

Branches:
Dungeon (2/15)

Altars:
Dithmenos


Innate Abilities, Weirdness & Mutations

Your plain brown scales are hard. (AC +5)
You cannot fit into any form of body armour.
You are cold-blooded and may be slowed by cold attacks.


Message History

You have reached level 5!
You hit the gnoll but do no damage.
The gnoll hits you but does no damage. x2
The gnoll barely misses you. The gnoll misses you.
You hit the gnoll.
The gnoll is heavily wounded.
The gnoll misses you.
The gnoll hits you from afar with a spear!
You hit the gnoll.
The gnoll is almost dead.
The gnoll barely misses you. The gnoll misses you.
The gnoll closely misses you.
You slash the gnoll!
You kill the gnoll!
The gnoll hits you with a spear!
* * * LOW HITPOINT WARNING * * *
The gnoll closely misses you.
Things that are here:
a club; a gnoll corpse The gnoll hits you from afar with a spear.
You die...

.......# #..... .......# #....#
.......# #....# .......# #....#
......## #....####.. .....##
#..#.....# ##.##### ##)gg# #.#
#.....# ####)### . #.#
######.######...@# . #.#
.....#......<.##.####.##### #.#
####.......)..............#####.#
#####..####...####.###.....#..
###...## ###..##..# #####.#..
##...### #.....# #...† ###....#
##....## ###.. .....### ##..##.#
#.. .†..## #...##.## ###..


You could see a gnoll.

Vanquished Creatures
  Natasha (twice) (D:2)
  An adder (D:2)
  5 gnolls (D:2)
  A worm (D:2)
  3 leopard geckos
  3 bats
  2 giant cockroaches (D:2)
  2 goblins
  A hobgoblin (D:1)
  5 jackals
  6 kobolds (D:2)
  2 quokkas (D:2)
  A ball python (D:2)
  3 frilled lizards (D:1)
  5 rats
42 creatures vanquished.

Notes
Turn   | Place    | Note
-------+----------+-------------------------------------------
     0 | D:1      | Hercules1031 the Draconian Gladiator began the quest for the Orb.
     0 | D:1      | Reached XP level 1. HP: 17/17 MP: 1/1
   150 | D:1      | Reached XP level 2. HP: 17/25 MP: 2/2
   439 | D:2      | Reached skill level 3 in Fighting
   440 | D:2      | Reached XP level 3. HP: 17/31 MP: 3/3
   559 | D:2      | Found a shadowy altar of Dithmenos.
   739 | D:2      | Noticed Natasha
   748 | D:2      | Killed Natasha
   748 | D:2      | Reached XP level 4. HP: 35/40 MP: 4/4
   754 | D:2      | HP: 2/40 [gnoll/enchanted halberd (6)]
   756 | D:2      | Reached skill level 4 in Fighting
   872 | D:2      | Noticed Natasha
   955 | D:2      | Killed Natasha
  1194 | D:2      | Reached XP level 5. HP: 22/47 MP: 5/5
  1200 | D:2      | Slain by a gnoll

Skill      XL: |  1  2  3  4 |
---------------+-------------+-----
Fighting       | 3 4 |  4.4
Dodging        | 3 |  3.5
Axes           | |  3.8
Throwing       | |  1.7

Action                   |  1- 3 |  4- 6 || total
-------------------------+-------+-------++-------
Melee: War axe           |    76 |    22 ||    98
       Tailslap          |     3 |     3 ||     6
  Use: Scroll            |       |     8 ||     8
       Potion            |       |     2 ||     2
  Eat: Ration            |     2 |       ||     2
Armor: Skin              |    30 |    11 ||    41
Dodge: Dodged            |    98 |    28 ||   126
